 Dungeon Crawl Stone Soup version 0.20.1-1-g8b1a95d (webtiles) character file.

85 Peloso the Skirmisher (level 4, -5/35 HPs)
             Began as a Demonspawn Fighter on Aug 3, 2017.
             Killed from afar by Sigmund (6 damage)
             ... with a puff of flame
             ... on level 3 of the Dungeon.
             The game lasted 00:04:37 (1668 turns).

Peloso the Skirmisher (Demonspawn Fighter)          Turns: 1668, Time: 00:04:38

Health: -5/35      AC:  9    Str: 20 (23) XL:     4   Next: 25%
Magic:  4/4        EV: 10    Int:  8 (9)  God:
Gold:   104        SH:  0    Dex: 15 (17) Spells: 3/3 levels left

rFire    . . .     SeeInvis .   a - +0 long sword
rCold    . . .     Gourm    .   c - +0 shield
rNeg     . . .     Faith    .   w - +0 chain mail
rPois    .         Spirit   .   (no helmet)
rElec    .         Reflect  +   (no cloak)
rCorr    .         Harm     .   (no gloves)
MR       .....                  (no boots)
Stlth    ..........             h - +4 amulet of reflection
Regen    0.2/turn               (no ring)
MPRegen  0.1/turn               (no ring)

@: confused, mighty, agile
A: large bone plates 1
a: no special abilities


You were on level 3 of the Dungeon.
You were not hungry.

You visited 1 branch of the dungeon, and saw 3 of its levels.

You collected 104 gold pieces.

Inventory:

Hand Weapons
 a - a +0 long sword (weapon)
Armour
 b - a +0 scale mail
 c - a +0 shield (worn)
 w - a +0 chain mail (worn)
 x - a +0 pair of gloves
Jewellery
 h - a +4 amulet of reflection (around neck)
Scrolls
 i - 2 scrolls of immolation {unknown}
 j - a scroll of teleportation {unknown}
 n - a scroll of fear {unknown}
 p - a scroll of enchant weapon {unknown}
 t - 4 scrolls of blinking {unknown}
 u - a scroll of fog {unknown}
 v - a scroll of random uselessness {unknown}
Potions
 o - a potion of brilliance {unknown}
 q - a potion of magic {unknown}
 r - a potion of cancellation {unknown}
Comestibles
 f - 2 bread rations
 k - a meat ration
 m - a fruit
 s - 2 royal jellies


   Skills:
 + Level 3.4 Fighting
 + Level 2.9 Long Blades
 + Level 3.0 Armour
 + Level 0.1 Dodging
 + Level 3.3 Shields


You had 3 spell levels left.
You didn't know any spells.

Dungeon Overview and Level Annotations

Branches:
Dungeon (3/15)

Altars:
Hepliaklqana
Makhleb

Annotations:
D:3 Sigmund


Innate Abilities, Weirdness & Mutations

You are partially covered in large bone plates. (SH +4)


Message History

The magic dart hits you!
* * * LOW HITPOINT WARNING * * *
You closely miss something. Something hits you.
* * * LOW HITPOINT WARNING * * *
You completely miss something.
You hear some strange, mumbled words.
You are confused.
Something hits you!
* * * LOW HITPOINT WARNING * * *
It was a potion of degeneration.
There was something very wrong with that liquid.
You feel weakened.
You feel dopey.
You feel clumsy. Something hits you but does no damage.
It was a potion of agility.
You feel agile all of a sudden.
Sigmund appears from thin air!
Reactivating autopickup.
Sigmund points at you and mumbles some strange words.
The puff of flame hits you!
You die...

...####...# ...♣⌠♣....## .....
....♣......## #####.....
............## #.........
..(.......♣..## #.........
..........♣♣..## #####.........
...............# #.............
...............###.###.........
...####.........@@.#....)<.....
..## ##......♣.###.†#.........
..# #.....♣⌠.###.##.........
..# #......♣##...##.........
..## ##........#.####.........
...####..........<# ####.#.##.
................### .#.#
................##### .# #
..........♣♣.....^..#


You could see Sigmund.

Vanquished Creatures
  An adder (D:2)
  A worm (D:2)
  A dart slug (D:1)
  2 leopard geckos
  7 orcs (D:3)
  3 giant cockroaches
  11 goblins
  4 hobgoblins
  2 jackals (D:1)
  4 kobolds
  2 quokkas
  A ball python (D:1)
  8 bats
  4 frilled lizards
  5 rats
56 creatures vanquished.

Notes
Turn   | Place    | Note
-------+----------+-------------------------------------------
     0 | D:1      | Peloso the Demonspawn Fighter began the quest for the Orb.
     0 | D:1      | Reached XP level 1. HP: 18/18 MP: 1/1
   101 | D:1      | Gained mutation: You are partially covered in large bone plates. (SH +4) [demonic ancestry]
   101 | D:1      | Reached XP level 2. HP: 19/24 MP: 2/2
   646 | D:2      | Reached XP level 3. HP: 29/29 MP: 3/3
   806 | D:2      | Found a burning altar of Makhleb.
   807 | D:2      | Found a hazy altar of Hepliaklqana.
  1432 | D:3      | Reached XP level 4. HP: 27/35 MP: 4/4
  1620 | D:3      | Noticed Sigmund
  1665 | D:3      | HP: 1/35 [something (7)]
  1668 | D:3      | Killed from afar by Sigmund

Skill      XL: |  1  2  3  4 |
---------------+-------------+-----
Long Blades    | 2 |  2.9
Shields        | 3 |  3.3
Armour         | 3 |  3.0
Fighting       | |  3.4
Dodging        | |  0.1

Action                   |  1- 3 |  4- 6 || total
-------------------------+-------+-------++-------
Melee: Long sword        |   167 |    40 ||   207
  Use: Potion            |       |     4 ||     4
  Eat: Chunk             |     1 |     2 ||     3
Armor: Scale mail        |    46 |       ||    46
       Chain mail        |    20 |    23 ||    43
Dodge: Dodged            |    30 |     7 ||    37
Block: Shield            |   208 |    30 ||   238
       Reflection        |     3 |     3 ||     6
       Rpst.: Long sword |    12 |       ||    12
